 Dungeon Crawl Stone Soup version 0.21-a0-513-gdcb3f5e (webtiles) character file.

73 slep the Chopper (level 4, -5/40 HPs)
             Began as a Hill Orc Monk on Dec 3, 2017.
             Slain by slep's ghost (8 damage)
             ... on level 3 of the Dungeon.
             The game lasted 00:05:05 (1609 turns).

slep the Chopper (Hill Orc Monk)                    Turns: 1609, Time: 00:05:06

Health: -5/40      AC:  7    Str: 13    XL:     4   Next: 27%
Magic:  4/4        EV: 10    Int: 13    God:
Gold:   52         SH:  0    Dex: 14    Spells: 3/3 levels left

rFire    . . .     SeeInvis .   a - +0 hand axe
rCold    + + .     Gourm    .   (no shield)
rNeg     . . .     Faith    .   p - +0 scale mail
rPois    +         Spirit   .   (no helmet)
rElec    .         Reflect  .   (no cloak)
rCorr    .         Harm     .   (no gloves)
MR       .....                  h - +0 pair of boots
Stlth    +.........             (no amulet)
HPRegen  0.13/turn              q - ring of protection from cold
MPRegen  0.09/turn              (no ring)

@: brilliant, berserk cooldown, slowed, very slow
A: cold resistance 1, dopey 1, poison resistance
a: no special abilities


You were on level 3 of the Dungeon.
You were not hungry.

You visited 1 branch of the dungeon, and saw 3 of its levels.

You collected 52 gold pieces.

Inventory:

Hand Weapons
 a - a +0 hand axe (weapon)
Armour
 b - a +0 robe
 h - a +0 pair of boots (worn)
 m - a +0 leather armour
 p - a +0 scale mail (worn)
Jewellery
 q - a ring of protection from cold (left hand)
Scrolls
 e - 2 scrolls of remove curse {unknown}
 f - a scroll of enchant armour {unknown}
 j - 3 scrolls of teleportation {unknown}
 l - 2 scrolls of identify {unknown}
 r - a scroll of fear {unknown}
Potions
 g - 2 potions of heal wounds
Comestibles
 c - 3 bread rations
 o - 4 fruits


   Skills:
 + Level 4.3 Fighting
 + Level 5.0 Axes
 + Level 2.8 Dodging
 + Level 2.2 Stealth


You had 3 spell levels left.
You didn't know any spells.

Dungeon Overview and Level Annotations

Branches:
Dungeon (3/15)

Altars:

Annotations:
D:3 slep's ghost, amateur MiGl


Innate Abilities, Weirdness & Mutations

Your flesh is cold resistant. (rC+)
You are dopey. (Int -2)
Your system is resistant to poisons. (rPois)


Message History

Slep's ghost is heavily damaged.
You are no longer berserk.
You are exhausted.
You feel yourself slow down.
You barely miss slep's ghost.
Slep's ghost is heavily damaged.
Slep's ghost hits you! x2
You hit slep's ghost but do no damage.
Slep's ghost is heavily damaged.
Slep's ghost barely misses you. Slep's ghost hits you!
* * * LOW HITPOINT WARNING * * *
You hit slep's ghost but do no damage.
Slep's ghost is heavily damaged.
Slep's ghost closely misses you.
You hit slep's ghost.
Slep's ghost is heavily damaged.
Slep's ghost hits you!
* * * LOW HITPOINT WARNING * * *
Slep's ghost hits you!
You die...

#######
.......######
....%.......#
............#
...##.......####
#....@.....#
#.....W....#
#............
....###.##.....
.... #.. .....
..... ###. #...
.... ... ..


You could see slep's ghost.

Vanquished Creatures
  An adder (D:2)
  An ooze (D:1)
  A worm (D:2)
  3 dart slugs
  2 leopard geckos
  A ball python (D:3)
  5 bats
  A giant cockroach (D:1)
  6 goblins
  4 hobgoblins
  5 jackals
  7 kobolds
  A quokka (D:2)
  5 frilled lizards
  4 rats
47 creatures vanquished.

Notes
Turn   | Place    | Note
-------+----------+-------------------------------------------
     0 | D:1      | slep the Hill Orc Monk began the quest for the Orb.
     0 | D:1      | Reached XP level 1. HP: 19/19 MP: 1/1
   106 | D:1      | Reached XP level 2. HP: 19/27 MP: 2/2
   361 | D:1      | Reached XP level 3. HP: 26/33 MP: 3/3
   978 | D:2      | Reached skill level 5 in Axes
   978 | D:2      | Reached XP level 4. HP: 15/40 MP: 4/4
  1154 | D:2      | Found a faded altar of an unknown god.
  1322 | D:3      | Noticed slep's ghost (amateur MiGl)
  1576 | D:2      | Gained mutation: You are dopey. (Int -2) [potion of mutation]
  1576 | D:2      | Gained mutation: Your system is resistant to poisons. (rPois) [potion of mutation]
  1576 | D:2      | Gained mutation: Your flesh is cold resistant. (rC+) [potion of mutation]
  1609 | D:3      | Slain by slep's ghost

Vault maps used:
D:1:      sevenhm_arrival_forest_fort_small_3
D:2:      chequers_ecumenical_altar_lobes, minivault_24
D:3:      nicolae_overflow_hidden_temple, first_bread

Skill      XL: |  1  2  3 |
---------------+----------+-----
Fighting       | 4 |  4.3
Stealth        | 2 |  2.2
Axes           | 5 |  5.0
Dodging        | |  2.8

Action                   |  1- 3 |  4- 6 || total
-------------------------+-------+-------++-------
Melee: Hand axe          |   128 |    45 ||   173
  Use: Potion            |       |     6 ||     6
 Stab: Sleeping          |     7 |       ||     7
  Eat: Chunk             |       |     2 ||     2
Armor: Robe              |    28 |       ||    28
       Leather armour    |     3 |     1 ||     4
       Scale mail        |       |    14 ||    14
Dodge: Dodged            |    88 |    32 ||   120

Table legend:
 A = Spawn XP
 B = Non-spawn XP
 C = Spawn XP percentage of total XP
 D = Spawn monster count
 E = Non-spawn monster count
 F = Spawn count percentage of total count
 G = Total turns spent on level
                    A         B        C        D         E        F      G
               +---------+---------+-------+---------+---------+-------+---------
         Total |       0 |     105 |   0.0 |       0 |      47 |   0.0 |  1609
               +---------+---------+-------+---------+---------+-------+---------
           D:1 |       0 |      55 |   0.0 |       0 |      28 |   0.0 |   610
           D:2 |       0 |      48 |   0.0 |       0 |      18 |   0.0 |   979
           D:3 |       0 |       2 |   0.0 |       0 |       1 |   0.0 |    20
               +---------+---------+-------+---------+---------+-------+---------
